 Dungeon Crawl Stone Soup version 0.32-a0-361-g289a535 (webtiles) character file.

Game seed: 15552794875151440054

511 Nithhogg the Covered (level 6, -12/56 HPs)
             Began as a Mountain Dwarf Fighter on Feb 18, 2024.
             Was an Initiate of Qazlal.
             Mangled by an ogre
             ... wielding a +0 giant club
              (20 damage)
             ... on level 4 of the Dungeon.
             The game lasted 00:05:33 (3757 turns).

Nithhogg the Covered (Mountain Dwarf Fighter)       Turns: 3757, Time: 00:05:33

Health: -12/56     AC: 10    Str: 21    XL:     6   Next: 99%
Magic:  9/9        EV:  9    Int:  8    God:    Qazlal [......]
Gold:   211        SH:  0    Dex: 15    Spells: 5/5 levels left

rFire   . . .        a - +0 war axe
rCold   . . .        (no shield)
rNeg    . . .        b - +0 scale mail
rPois   .            (no helmet)
rElec   .            v - +2 cloak
rCorr   .            (no gloves)
SInv    .            (no boots)
Will    .....        (no amulet) Stlth
                     p - ring of flight
HPRegen 0.29/turn    t - +6 ring of dexterity
MPRegen 0.11/turn

%: no passive effects
@: flying
A: runic magic, artefact enchanting
a: Renounce Religion


You were on level 4 of the Dungeon.
You worshipped Qazlal.
Qazlal was noncommittal.
You visited 2 branches of the dungeon, and saw 5 of its levels.

You collected 211 gold pieces.

Inventory:

Hand Weapons
 a - a +0 war axe (weapon)
Missiles
 i - 14 poisoned darts (quivered)
 q - 10 javelins
Armour
 b - a +0 scale mail (worn)
 c - a +0 buckler
 v - a +2 cloak (worn)
Jewellery
 p - a ring of flight (left hand)
 t - a +6 ring of dexterity (right hand)
Scrolls
 f - 4 scrolls of identify {unknown}
 h - a scroll of enchant weapon {unknown}
 k - 4 scrolls of noise {unknown}
 l - 2 scrolls of fear {unknown}
 m - a scroll of torment {unknown}
 s - 2 scrolls of poison {unknown}
 u - 2 scrolls of teleportation {unknown}
 x - 3 scrolls of blinking {unknown}
 y - a scroll of vulnerability {unknown}
Potions
 d - 2 potions of degeneration {unknown}
 e - a potion of brilliance {unknown}
 g - 2 potions of ambrosia {unknown}
 j - 2 potions of lignification {unknown}
 n - a potion of cancellation {unknown}
 o - a potion of invisibility {unknown}
 r - a potion of mutation {unknown}
 w - a potion of curing {unknown}


   Skills:
 + Level 5.2 Fighting
 + Level 5.0 Axes
 + Level 5.2 Armour
 - Level 3.2 Shields
 + Level 4.3 Invocations


You had 5 spell levels left.
You didn't know any spells.
Your spell library contained the following spells:

 Spells                   Type           Power      Damage    Failure   Level
 Apportation              Tloc           0%         N/A       47%         1
 Necrotise                Necr           0%         1d4       47%         1
 Sting                    Conj/Alch      0%         1d3       47%         1
 Summon Small Mammal      Summ           0%         N/A       47%         1
 Mercury Vapours          Alch/Air       0%         N/A       63%         2
 Mephitic Cloud           Conj/Alch/Air  0%         N/A       85%         3
 Freezing Cloud           Conj/Ice/Air   0%         6-21      100%        5


Dungeon Overview and Level Annotations

Branches:
Dungeon (4/15)             Temple (1/1) D:4

Altars:
Ashenzari
Cheibriados
Fedhas
Gozag
Kikubaaqudgha
Makhleb
Nemelex Xobeh
Okawaru
Qazlal
Ru
Sif Muna
Trog
Uskayaw
Vehumet
Wu Jian
Xom


Innate Abilities, Weirdness & Mutations

Your spellcasting is much less encumbered by armour.
You can use scrolls of enchantment on lesser artefacts.


Message History

No target in view!
No target in view!
No target in view!
You closely miss the orc. The orc hits you with a +0 hand axe. x2
You slash the orc!
You kill the orc!
Qazlal accepts your kill.
No target in view!
No target in view!
No target in view!
No target in view!
No target in view!
No target in view!
HP restored.
Found 8 stones.
Things that are here:
a +0 hand axe; an orc corpse You pick up a book of Cantrips and begin reading...
You add the spells Sting, Necrotise, Summon Small Mammal and Apportation to your library.
y - a scroll labelled XYGGIE BUOTWO An ogre and an orc come into view.
The ogre shouts!
The orc shouts!
You hear an angry hiss.
There are monsters nearby!
You barely miss the ogre.
An iguana comes into view.
The ogre closely misses you.
You barely miss the ogre.
The ogre hits you with a +0 giant club!!
Ouch! That really hurt!
The ogre attacks as it pursues you!
The ogre hits you with a +0 giant club!!
* * * LOW HITPOINT WARNING * * *
You see here 8 stones.
Found a dagger.
Found a stone staircase leading down.
The ogre attacks as it pursues you! The ogre hits you with a +0 giant club.
* * * LOW HITPOINT WARNING * * *
The ogre attacks as it pursues you!
The ogre hits you with a +0 giant club!!
You die...

##............######...#.#
........#....># #......#
##.......#..##.#####.....##
##......##...........##.##
...##..#.........####...
...#........###.## ##..
...........####..## #..#
...)..............# ##.#
#......@#.........###..#
.......O#####.......#.##
###.>....# #..##......# #
#......o.## ##.#.......#
#...#...#...# ##....###.#
#.. ######l## ####..####.#
#.. ###...# #.....# #..#
#.o###.###(## #.##### #...
#...#...#...###.# ##..


You could see an ogre, an iguana and an orc.

Vanquished Creatures
  A scorpion (D:4)
  2 hounds (D:4)
  An orc priest (D:3)
  2 orc wizards (D:3)
  An iguana (D:4)
  Robin (D:3)
  4 gnolls
  4 adders
  2 ribbon worms
  7 orcs
  6 bats
  6 endoplasms
  4 giant cockroaches (D:1)
  13 goblins
  14 hobgoblins
  5 jackals
  5 quokkas
  10 ball pythons
  11 frilled lizards
  9 kobolds
  6 rats
114 creatures vanquished.

Notes
Turn   | Place    | Note
-------+----------+-------------------------------------------
     0 | D:1      | Nithhogg the Mountain Dwarf Fighter began the quest for the
                  | Orb.
     0 | D:1      | Reached XP level 1. HP: 19/19 MP: 1/1
   162 | D:1      | Reached XP level 2. HP: 26/26 MP: 2/2
   164 | D:1      | Reached skill level 1 in Invocations
   380 | D:1      | Reached XP level 3. HP: 31/33 MP: 4/4
  1237 | D:2      | Reached XP level 4. HP: 40/40 MP: 5/5
  1680 | D:3      | Noticed an ogre
  1938 | D:3      | Found a burning altar of Makhleb.
  1939 | D:3      | Noticed Robin
  1961 | D:3      | Killed Robin
  1983 | D:3      | Reached XP level 5. HP: 46/46 MP: 6/6
  2903 | D:3      | Reached XP level 6. HP: 53/53 MP: 8/8
  3004 | D:3      | Found an iron altar of Okawaru.
  3244 | D:4      | Reached skill level 5 in Armour
  3291 | D:4      | Reached skill level 5 in Fighting
  3369 | D:4      | Found a staircase to the Ecumenical Temple.
  3381 | Temple   | Entered the Ecumenical Temple
  3561 | D:4      | Reached skill level 5 in Axes
  3648 | D:4      | Found a stormy altar of Qazlal.
  3656 | D:4      | Became a worshipper of Qazlal Stormbringer
  3674 | D:4      | Found a shimmering altar of Xom.
  3757 | D:4      | Mangled by an ogre

Illustrated notes

Levels and vault maps discovered:
D:1:      lightli_arrival_quake, layout_loops_corners
D:2:      layout_rooms
D:3:      layout_loops_ring, mainiacjoe_overflow_paths,
          lemuel_coloured_pillars_altar, dreamdust_princess_bridge,
          minmay_lizard_king, uniq_robin
D:4:      layout_cave_pools, nicolae_overflow_quartered_altars, temple_statues,
          minmay_misc_feat_enclosed, minmay_large_rounded_square,
          chequers_garden, minmay_between
Temple:   nicolae_temple_godzebo

Skill      XL: |  1  2  3  4  5  6 |
---------------+-------------------+-----
Invocations    | 1 2 3 4 |  4.3
Axes           | 3 4 5 |  5.0
Armour         | 4 5 |  5.2
Fighting       | 4 5 |  5.2
Shields        | |  3.2

Action                     |  1- 3 |  4- 6 || total
---------------------------+-------+-------++-------
  Melee: War axe           |   106 |   203 ||   309
    Use: Potion            |       |     1 ||     1
 Armour: Scale mail        |    97 |   191 ||   288
  Dodge: Dodged            |    52 |   104 ||   156

Table legend: (Time is in decaauts)
 A = Elapsed time spent in this place.
 B = Non-inter-level travel time spent in this place.
 C = Inter-level travel time spent in this place.
 D = Time resting spent in this place.
 E = Time spent auto-exploring this place.
 F = Levels seen in this place.
 G = Mean time per level.
                   A        B        C        D        E       F      G
               +--------+--------+--------+--------+--------+-----+--------+
         Total |   3852 |   3700 |    152 |    411 |   2428 |   5 |  770.4 |
       Dungeon |   3687 |   3535 |    152 |    297 |   2428 |   4 |  921.8 |
        Temple |    165 |    165 |      0 |    114 |      0 |   1 |  165.0 |
               +--------+--------+--------+--------+--------+-----+--------+

Top non-repeatable levels by time:
     D:3: 1343 daAuts
     D:1: 1000 daAuts
     D:2: 820 daAuts
     D:4: 523 daAuts
  Temple: 165 daAuts
